Map: Taito Citadel LE

Players

Midaraine - Winner!

  • Race: Protoss Protoss
  • Spawn Location: 5:00

VOD

Have the link to the VOD?

Description

Time

  • Played on: June 19, 2026, 12:15 p.m.
  • Length: 38:43
Show
View Real Time Build Order
Export as new Build Order

Midaraine Protoss - Winner!

Build Orders:  

Get SALT Encoding   

  12  0:09  Probe (Chrono Boost)  
  13  0:30  Pylon  
  13  0:38  Probe (Chrono Boost)  
  14  0:55  Probe (Chrono Boost)  
  15  1:05  Pylon  
  15  1:09  Assimilator  
  16  1:12  Probe (Chrono Boost)  
  16  1:24  Assimilator  
  16  1:28  Probe (Chrono Boost)  
  16  1:39  Probe (Chrono Boost)  
  18  1:52  Probe (Chrono Boost)  
  19  2:09  Probe (Chrono Boost)  
  20  2:41  Forge  
  20  2:48  Probe (Chrono Boost)  
  21  3:02  Nexus  
  21  3:05  Probe (Chrono Boost)  
  22  3:27  Probe (Chrono Boost)  
  23  3:43  Pylon  
  23  3:44  Probe (Chrono Boost)  
  25  4:00  Probe (Chrono Boost)  
  25  4:09  Photon Cannon  
  25  4:17  Probe (Chrono Boost)  
  26  4:24  Pylon  
  26  4:34  Probe (Chrono Boost)  
  27  4:42  Probe (Chrono Boost)  
  29  4:51  Probe (Chrono Boost)  
  29  4:53  Probe (Chrono Boost)  
  29  4:59  Photon Cannon  
  30  5:08  Probe (Chrono Boost)  
  31  5:13  Photon Cannon  
  32  5:20  Probe (Chrono Boost)  
  32  5:25  Probe (Chrono Boost)  
  33  5:37  Probe (Chrono Boost), Photon Cannon  
  34  5:54  Assimilator  
  34  6:10  Probe (Chrono Boost)  
  34  6:13  Probe (Chrono Boost)  
  36  6:21  Probe (Chrono Boost)  
  38  6:30  Probe (Chrono Boost)  
  38  6:33  Probe (Chrono Boost)  
  39  6:47  Probe (Chrono Boost)  
  40  6:50  Assimilator  
  40  6:52  Probe (Chrono Boost)  
  41  7:04  Probe (Chrono Boost)  
  41  7:09  Probe (Chrono Boost)  
  44  7:21  Probe (Chrono Boost)  
  44  7:22  Pylon  
  44  7:31  Nexus  
  44  7:36  Probe (Chrono Boost)  
  44  7:38  Probe (Chrono Boost)  
  46  7:50  Photon Cannon  
  46  7:53  Probe (Chrono Boost)  
  46  7:55  Photon Cannon  
  47  8:04  Photon Cannon  
  49  8:10  Probe (Chrono Boost)  
  49  8:11  Probe (Chrono Boost)  
  49  8:27  Probe (Chrono Boost)  
  49  8:28  Probe (Chrono Boost)  
  51  8:39  Assimilator  
  51  8:47  Assimilator  
  51  9:08  Probe x2 (Chrono Boost)  
  54  9:21  Probe (Chrono Boost)  
  54  9:25  Probe x2 (Chrono Boost)  
  54  9:28  Pylon  
  56  9:38  Probe (Chrono Boost)  
  57  9:45  Nexus  
  57  9:48  Probe x2 (Chrono Boost)  
  59  9:55  Probe (Chrono Boost)  
  59  9:58  Photon Cannon  
  59  9:59  Photon Cannon  
  60  10:05  Probe x2 (Chrono Boost), Photon Cannon  
  62  10:54  Assimilator  
  62  10:57  Assimilator  
  64  11:02  Probe x3 (Chrono Boost)  
  65  11:19  Probe x3 (Chrono Boost)  
  68  11:35  Probe (Chrono Boost)  
  68  11:36  Probe x2 (Chrono Boost)  
  71  11:54  Probe x3 (Chrono Boost)  
  74  13:38  Probe (Chrono Boost)  
  74  13:39  Gateway  
  75  13:50  Probe (Chrono Boost)  
  75  13:56  Probe (Chrono Boost)  
  77  14:03  Probe (Chrono Boost)  
  79  14:20  Probe (Chrono Boost)  
  79  14:57  Pylon  
  79  15:11  Pylon  
  79  15:44  Pylon  
  79  15:53  Photon Cannon  
  79  15:57  Photon Cannon  
  79  16:07  Photon Cannon  
  79  16:11  Photon Cannon  
  79  16:17  Photon Cannon  
  79  16:40  Cybernetics Core  
  79  17:11  Photon Cannon  
  79  17:15  Photon Cannon  
  79  17:18  Photon Cannon  
  79  17:26  Photon Cannon  
  79  17:30  Pylon  
  79  17:37  Nexus  
  79  17:50  Shield Battery  
  79  18:04  Shield Battery  
  79  18:16  Assimilator  
  79  18:19  Assimilator  
  79  19:18  Robotics Facility  
  79  19:44  Probe (Chrono Boost)  
  80  20:23  Observer  
  81  20:53  Immortal  
  85  21:48  Immortal  
  88  23:38  Pylon  
  88  23:50  Twilight Council  
  88  24:11  Immortal  
  92  25:06  Immortal  
  96  25:23  Templar Archives  
  96  26:53  Psionic Storm  
  96  27:07  High Templar  
  98  27:31  Dark Shrine  
  98  27:39  Pylon  
  98  27:46  Pylon  
  98  28:04  Warp Gate  
  98  28:06  Photon Cannon  
  98  28:08  Photon Cannon  
  100  28:12  Photon Cannon  
  100  28:18  Shield Battery  
  100  28:30  Gateway x2  
  100  28:33  Gateway  
  100  28:35  Gateway x2  
  100  28:39  Gateway  
  98  29:23  Dark Templar, Protoss Air Weapons Level 1  
  100  30:21  Dark Templar  
  100  30:22  Dark Templar x2  
  100  30:23  Dark Templar  
  100  30:24  Dark Templar x2  
  100  30:25  Dark Templar  
  114  31:11  Dark Templar  
  114  31:12  Dark Templar x2  
  114  31:13  Dark Templar x2  
  114  31:15  Dark Templar x2  
  128  32:03  Dark Templar x2  
  128  32:04  Dark Templar  
  128  32:05  Dark Templar x2  
  128  32:06  Dark Templar x2  
  142  32:22  Pylon  
  142  32:23  Protoss Air Armor Level 1  
  142  32:26  Pylon  
  142  32:54  Dark Templar  
  142  32:55  Dark Templar x2  
  142  32:57  Dark Templar x2  
  142  32:58  Dark Templar  
  142  32:59  Dark Templar  
  156  33:06  Pylon  
  156  33:42  Dark Templar x2  
  156  33:43  Dark Templar x2  
  156  33:44  Dark Templar  
  156  33:45  Dark Templar  
  156  33:46  Dark Templar  
  170  33:56  Archon  
  170  33:57  Archon x2  
  170  33:58  Archon x3  
  170  33:59  Archon x5  
  170  34:00  Archon x3  
  170  34:01  Archon x2  
  170  34:02  Archon  
  170  35:43  Pylon  
  170  37:40  Dark Templar  
  170  37:41  Dark Templar x3  
  170  37:42  Dark Templar  
  170  37:43  Dark Templar  
  170  37:44  Dark Templar  
Tags
 
Add a new tag
Caveats
  • Supply blocks, unpowered buildings, or Contaminate may cause inaccurate times.
  • Supply counts are checked every 10 seconds.